 Dungeon Crawl Stone Soup version 0.20-a0-903-g7e3609c (console) character file.

522 nht the Cleaver (level 7, -3/52 HPs)
             Began as a Barachi Monk on Mar 21, 2017.
             Was a Follower of Okawaru.
             Slain by an ogre
             ... wielding a +0 giant club
              (6 damage)
             ... on level 5 of the Dungeon.
             The game lasted 00:04:15 (3593 turns).

nht the Cleaver (Barachi Monk)                      Turns: 3593, Time: 00:04:16

Health: -3/52      AC: 21    Str: 14    XL:     7   Next: 22%
Magic:  5/7        EV:  7    Int: 11    God:    Okawaru [*.....]
Gold:   163        SH:  0    Dex: 14    Spells: 6/6 levels left

rFire    . . .     SeeInvis .   k - +0 dire flail (protect)
rCold    . . .     Gourm    .   n - +0 plate armour
rNeg     . . .     Faith    .   (shield currently unavailable)
rPois    .         Spirit   .   b - +1 helmet
rElec    .         Reflect  .   (no cloak)
rCorr    .         Harm     .   (no gloves)
MR       .....     Rnd*Tele +   (no boots)
Stlth    ..........             (no amulet)
Regen    0.2/turn               (no ring)
MPRegen  0.1/turn               u - ring of teleportation

@: heroism, protection aura, slow
A: +LOS, swims, slowness 1, strong legs 1
a: Hop, Heroism, Renounce Religion


You were on level 5 of the Dungeon.
You worshipped Okawaru.
Okawaru was aware of your devotion.
You were not hungry.

You visited 2 branches of the dungeon, and saw 6 of its levels.

You collected 163 gold pieces.

Inventory:

Hand Weapons
 a - a +0 hand axe
 k - a +0 dire flail of protection (weapon)
Missiles
 d - 5 tomahawks (quivered)
Armour
 b - a +1 helmet (worn)
 n - a +0 plate armour (worn)
Jewellery
 l - an uncursed ring of positive energy
 u - a ring of teleportation (left hand)
Scrolls
 g - a scroll of remove curse
 m - a scroll of immolation
Potions
 e - a potion of might
 h - a potion of brilliance
 i - a potion of flight
 s - a potion of magic
Comestibles
 c - 2 bread rations
 f - a royal jelly
 j - 2 chunks of flesh
 o - 2 meat rations
 r - 6 fruits


   Skills:
 - Level 3.6(8.6) Fighting
 + Level 8.8(13.8) Axes
 - Level 3.2(8.2) Dodging
 - Level 1.7(6.7) Stealth


You had 6 spell levels left.
You didn't know any spells.

Dungeon Overview and Level Annotations

Branches:
Dungeon (5/15)             Temple (1/1) D:4

Altars:
Dithmenos
Elyvilon
Gozag
Nemelex Xobeh
Okawaru
Ru
Sif Muna
Trog
Uskayaw
Vehumet
Wu Jian
Xom


Innate Abilities, Weirdness & Mutations

Shadows flee at your approach. (+LOS)
You can swim through water.
You cover ground slowly.
You can hop short distances.


Message History

The ogre hits you with a giant club!
* * * LOW HITPOINT WARNING * * *
Okay, then.
You hit the ogre but do no damage.
The ogre is heavily wounded.
The ogre hits you but does no damage.
Your plate armour prevents you from hitting the ogre.
The ogre is heavily wounded.
You hit the ogre but do no damage.
The ogre is heavily wounded.
The ogre hits you but does no damage.
You hit the ogre.
The ogre is heavily wounded.
You sock the ogre!
The ogre is almost dead.
The ogre barely misses you.
Your plate armour prevents you from hitting the ogre.
The ogre is almost dead.
The ogre hits you with a giant club.
You die...

.█ ...█ ...█
...█ ..█ ..█
█.█.████████.█
█.........?.(██
█.....O@.....█
.....███████..█
██ █.(████
█.....█ █.███.█
█.█ █.█ █.█ █.█
█.█ █.█ █.█ █.█


You could see an ogre.

Vanquished Creatures
  Edmund (D:4)
  3 scorpions (D:4)
  A bullfrog skeleton (D:4)
  An iguana (D:4)
  A worker ant (D:5)
  A howler monkey skeleton (D:4)
  8 adders
  An ooze (D:3)
  A worm (D:2)
  A dart slug (D:3)
  3 leopard geckos
  6 orcs
  10 bats
  4 giant cockroaches
  10 goblins
  4 hobgoblins
  4 jackals (D:1)
  2 quokkas (D:2)
  2 ball pythons
  7 frilled lizards
  7 kobolds
  A leopard gecko skeleton (D:4)
  7 rats
86 creatures vanquished.

Notes
Turn   | Place    | Note
-------+----------+-------------------------------------------
     0 | D:1      | nht the Barachi Monk began the quest for the Orb.
     0 | D:1      | Reached XP level 1. HP: 18/18 MP: 1/1
   188 | D:1      | Reached XP level 2. HP: 20/24 MP: 2/2
   296 | D:1      | Reached skill level 4 in Axes
   832 | D:1      | Reached XP level 3. HP: 23/29 MP: 3/3
  1685 | D:2      | Found a bloodstained altar of Trog.
  1766 | D:2      | Reached skill level 5 in Axes
  1775 | D:2      | Reached XP level 4. HP: 34/36 MP: 4/4
  2491 | D:4      | Noticed Edmund
  2504 | D:4      | Reached skill level 6 in Axes
  2504 | D:4      | Reached XP level 5. HP: 34/41 MP: 5/5
  2511 | D:4      | Killed Edmund
  2511 | D:4      | Reached skill level 7 in Axes
  2511 | D:4      | Reached XP level 6. HP: 31/47 MP: 6/6
  2769 | D:4      | Reached skill level 8 in Axes
  2901 | D:4      | Reached XP level 7. HP: 45/52 MP: 7/7
  2935 | D:4      | Found a staircase to the Ecumenical Temple.
  2951 | Temple   | Entered the Ecumenical Temple
  3002 | Temple   | Became a worshipper of Warmaster Okawaru
  3002 | Temple   | Reached * piety under Okawaru
  3002 | Temple   | Reached ** piety under Okawaru
  3553 | D:5      | Entered Level 5 of the Dungeon
  3593 | D:5      | Slain by an ogre

Vault maps used:
D:1:      onia_arrival_mini_spirals, minmay_tetromino_o2
D:2:      nicolae_overflow_crystal_walls, grunt_ministairs_9,
          serial_bayou_pond_b
D:3:      st_stairs_8
D:4:      temple_fountains, serial_bayou_lagoon_b, uniq_edmund
D:5:      first_bread, trog_book, uniq_duvessa, uniq_eustachio
Temple:   nicolae_temple_god_jail

Skill      XL: |  1  2  3  4  5  6 |
---------------+-------------------+-----
Axes           | 4 5 6 7 8 |  8.8
Fighting       | |  3.6
Dodging        | |  3.2
Stealth        | |  1.7

Action                   |  1- 3 |  4- 6 |  7- 9 || total
-------------------------+-------+-------+-------++-------
Melee: Hand axe          |   140 |    94 |       ||   234
       Dire flail        |       |    37 |    80 ||   117
Invok: Heroism           |       |       |     1 ||     1
  Use: Potion            |     5 |     1 |     2 ||     8
       Scroll            |       |       |    10 ||    10
 Stab: Sleeping          |     6 |       |       ||     6
  Eat: Chunk             |     3 |     4 |     3 ||    10
Armor: Robe              |    19 |       |       ||    19
       Plate armour      |    19 |   101 |    51 ||   171
Dodge: Dodged            |    93 |    25 |    13 ||   131
